 Dungeon Crawl Stone Soup version 0.27.1-3-gb3d3a73c9e (webtiles) character file.

Game seed: 7596848907144727752

3001 Turgor the Jinx (level 9, -6/62 HPs)
             Began as a Vampire Enchanter on Oct 25, 2021.
             Was a Believer of Dithmenos.
             Mangled by Harold (18 damage)
             ... on level 8 of the Dungeon.
             The game lasted 01:22:42 (8027 turns).

Turgor the Jinx (Vampire Enchanter)                 Turns: 8027, Time: 01:22:42

Health: -6/62      AC:  5    Str: 13    XL:     9   Next: 54%
Magic:  16/19      EV: 16    Int: 20    God:    Dithmenos [**....]
Gold:   643        SH:  0    Dex: 15    Spells: 10/21 levels left

rFire    . . .     SeeInvis +   a - +2 dagger
rCold    . . .     Faith    .   (no shield)
rNeg     . . .     Spirit   .   b - +0 robe
rPois    .         Reflect  .   o - +0 helmet
rElec    .         Harm     .   (no cloak)
rCorr    .         Rampage  .   e - +0 pair of gloves
Will     .....                  d - +0 pair of boots
Stlth    +++++.....             (no amulet)
HPRegen  0.40/turn              l - +6 ring of strength
MPRegen  0.16/turn              J - +4 ring of evasion

@: confusing by touch, healing quickly, wreathed by umbra, studying Crossbows
A: alive, fangs 3, see invisible, vampiric 2
a: Exsanguinate, Renounce Religion, Shadow Step


You were on level 8 of the Dungeon.
You worshipped Dithmenos.
Dithmenos was pleased with you.
You visited 2 branches of the dungeon, and saw 9 of its levels.
You also visited: Ossuary.

You collected 643 gold pieces.

Inventory:

Hand Weapons
 a - a +2 dagger (weapon)
 T - the +8 demon trident "Rift" {distort, reach+}
   (You found it on level 6 of the Dungeon)

   It warps and distorts space around it, and may blink, banish, or inflict
   extra damage upon those it strikes.
   Unwielding it can cause banishment or high damage.
   It can reach especially far, and its reaching attacks ignore other creatures
   in the way.
Missiles
 f - 172 stones
 m - 31 poisoned darts
 P - 5 curare-tipped darts
 Q - 3 throwing nets
Armour
 b - a +0 robe (worn)
 c - a +2 leather armour of fire resistance
 d - a +0 pair of boots (worn)
 e - a +0 pair of gloves (worn)
 o - a +0 helmet (worn)
 K - a +1 ring mail of cold resistance
 M - the +1 ring mail of Uskayaw's Fury {rF+}
   (You found it on level 4 of the Dungeon)

   rF:        It protects you from fire.
Magical Staves
 y - a staff of death
 S - a staff of cold
Jewellery
 l - a +6 ring of strength (left hand)
 J - a +4 ring of evasion (right hand)
 U - an amulet of regeneration
Wands
 s - a wand of paralysis (6)
 t - a wand of flame (20)
 x - a wand of digging (3)
Scrolls
 g - a scroll of fear {unknown}
 h - a scroll of fog {unknown}
 q - 3 scrolls of enchant weapon
 u - 2 scrolls of magic mapping
 v - 2 scrolls of vulnerability {unknown}
 w - a scroll of holy word {unknown}
 E - 4 scrolls of teleportation {unknown}
 F - 3 scrolls of enchant armour {unknown}
 G - 4 scrolls of blinking {unknown}
 I - 3 scrolls of noise {unknown}
 L - 2 scrolls of amnesia {unknown}
 N - a scroll of silence {unknown}
Potions
 i - 2 potions of attraction
 j - a potion of cancellation
 k - 2 potions of lignification
 n - a potion of mutation
 p - 2 potions of heal wounds
 r - a potion of berserk rage
 z - 2 potions of resistance
 A - a potion of haste
 B - 2 potions of brilliance
 C - 2 potions of flight
 D - 2 potions of curing {unknown}
 H - a potion of might {unknown}
 O - 2 potions of ambrosia {unknown}
 R - 3 potions of degeneration {unknown}


   Skills:
 + Level 2.7 Fighting
 - Level 5.1 Short Blades
 * Level 1.7 Polearms
 - Level 2.1 Dodging
 + Level 8.9 Stealth
 * Level 6.7 Spellcasting
 * Level 10.7 Hexes
 * Level 4.4 Necromancy


You had 10 spell levels left.
You knew the following spells:

 Your Spells              Type           Power      Damage    Failure   Level
a - Corona                Hex            54%        N/A       1%          1
b - Sublimation of Blood  Necr           12%        N/A       2%          2
c - Confusing Touch       Hex            49%        N/A       1%          3
d - Dazzling Flash        Conj/Hex       56%        N/A       3%          3
s - Ensorcelled Hibernat  Hex/Ice        56%        N/A       1%          2

Your spell library contained the following spells:

 Spells                   Type           Power      Damage    Failure   Level
 Tukima's Dance           Hex            49%        N/A       1%          3
 Inner Flame              Hex/Fire       28%        N/A       3%          3
 Summon Guardian Golem    Hex/Summ       28%        N/A       3%          3
 Corpse Rot               Necr/Air       N/A        N/A       6%          2
 Foxfire                  Conj/Fire      24%        2x1d5     10%         1
 Sting                    Tmut/Pois      24%        1d4       10%         1
 Summon Small Mammal      Summ           24%        N/A       10%         1
 Poisonous Vapours        Pois/Air       12%        N/A       14%         2
 Wereblood                Tmut           6%         N/A       14%         2
 Conjure Flame            Conj/Fire      6%         6-21      28%         3
 Gell's Gravitas          Tloc           3%         N/A       28%         3
 Lesser Beckoning         Tloc           3%         N/A       28%         3
 Teleport Other           Tloc           6%         N/A       28%         3
 Olgreb's Toxic Radiance  Pois           6%         N/A       67%         4
 Petrify                  Tmut/Erth      6%         N/A       67%         4
 Freezing Cloud           Conj/Ice/Air   3%         6-21      95%         5
 Irradiate                Conj/Tmut      3%         3d15      95%         5
 Summon Hydra             Summ           3%         N/A       100%        7
 Chain Lightning          Conj/Air       3%         3d4       100%        9
 Fire Storm               Conj/Fire      3%         8d1       100%        9


Dungeon Overview and Level Annotations

Branches:
Dungeon (8/15)             Temple (1/1) D:4         Ossuary (visited)
   Lair: D:8-11

Altars:
Ashenzari
Cheibriados
Dithmenos
Elyvilon
Fedhas
Gozag
Hepliaklqana
Kikubaaqudgha
Makhleb
Nemelex Xobeh
Qazlal
Ru
Sif Muna
Trog
Uskayaw
Vehumet
Xom
Yredelemnul
Zin
The Shining One

Annotations:
D:8 3 runed translucent doors, Harold; diceflayer's ghost, novice MiFi


Innate Abilities, Weirdness & Mutations

Your natural rate of healing is accelerated.
You have razor-sharp teeth.
You have supernaturally acute eyesight. (SInv)
You are afflicted with vampirism and can become a bat while bloodless.


Message History

The necrophage is almost destroyed.
You hit the necrophage.
You destroy the necrophage!
Dithmenos accepts your kill.
Found a potion of cancellation.
A killer bee comes into view.
Unknown command.
Unknown command.
Unknown command.
A black bear comes into view.
Found 16 gold pieces.
Harold the Weathered comes into view.
He is wielding a +0 broad axe.
Harold shouts!
Harold drinks a potion.
Harold seems to speed up.
Press: ? - help, v - describe, . - travel
Here: Harold, wielding a +0 broad axe, wearing a +0 scale mail and quivering 4 throwing nets (fast)
The floor.
Unknown command.
Harold throws a throwing net.
The throwing net barely misses you.
You see here a throwing net.
Q - 3 throwing nets (gained 1) Harold throws a throwing net.
The throwing net misses you.
Casting: Confusing Touch (safe; 1% risk of failure)
Confirm with . or Enter, or press ? or * to list all spells.
Aiming: Corona (safe; 1% risk of failure)
Press: ? - help, Shift-Dir - straight line, f - Harold
Aim: Harold, wielding a +0 broad axe, wearing a +0 scale mail and quivering 2 throwing nets (fast, chance to affect: 49%) Harold is outlined in light.
Casting: Corona (safe; 1% risk of failure)
Confirm with . or Enter, or press ? or * to list all spells.
Your hands begin to glow red.
Harold throws a throwing net.
The throwing net hits you.
You become entangled in the net!
You struggle against the net.
Harold closely misses you.
You struggle against the net.
Harold hits you with a +0 broad axe! Harold hits you with a +0 broad axe!!
You struggle against the net.
Harold hits you with a +0 broad axe!!
* * * LOW HITPOINT WARNING * * *
You shred the net and break free! Harold misses you.
Harold hits you with a +0 broad axe!!
You die...

#.########.......##.
#.####.#..............##.
y!................>...###
#.####.#.#####........#
#.#.....#........#
#................#
###.....##.......#
#.######.......# . #@#
#.......# ... #@#
#.......# .....######.#
#.......# ............#
######### ............#
............#
B.....@.....#
..h$........#
............#


You could see Harold (fast, corona).

Vanquished Creatures
  Grum (D:8)
  A water moccasin (D:6)
  3 orc warriors
  Purgy (D:4)
  A sky beast (D:5)
  An ice beast (D:5)
  A necrophage (D:8)
  2 wolves (D:8)
  2 ogres
  2 phantoms
  A kobold brigand (D:6)
  Blork the orc (D:5)
  A gnoll sergeant (D:6)
  A bullfrog (D:6)
  A water moccasin zombie (D:6)
  2 scorpions (D:5)
  3 killer bees (D:6)
  5 wights (D:6)
  A bullfrog zombie (D:7)
  2 jellies
  An orc priest (D:7)
  3 bullfrog skeletons
  A hound (D:6)
  Ijyb (D:3)
  2 iguanas
  3 centaur skeletons
  4 orc wizards
  8 mummies (Ossuary)
  A howler monkey zombie (D:5)
  11 gnolls
  7 adders
  An ufetubus (D:6)
  An adder skeleton (D:4)
  2 worms
  2 dart slugs
  17 orcs
  10 endoplasms
  9 hobgoblins
  9 jackals
  13 kobolds
  4 quokkas
  5 ball pythons
  3 bats
  8 frilled lizards
  A gnoll zombie (Ossuary)
  5 goblins
  2 hobgoblin zombies (Ossuary)
  2 kobold zombies (Ossuary)
  3 orc zombies (Ossuary)
  A quokka skeleton (D:4)
  8 rats
181 creatures vanquished.

Notes
Turn   | Place    | Note
-------+----------+-------------------------------------------
     0 | D:1      | Turgor the Vampire Enchanter began the quest for the Orb.
     0 | D:1      | Reached XP level 1. HP: 13/13 MP: 3/3
   180 | D:1      | Reached XP level 2. HP: 19/19 MP: 5/5
   183 | D:1      | Learned a level 2 spell: Ensorcelled Hibernation
   784 | D:1      | Found a faded altar of an unknown god.
  1196 | D:2      | Reached skill level 5 in Stealth
  1196 | D:2      | Reached skill level 5 in Hexes
  1196 | D:2      | Gained mutation: You are afflicted with vampirism and can
                  | become a bat while bloodless. [Vampire growth]
  1196 | D:2      | Reached XP level 3. HP: 24/24 MP: 6/6
  1680 | D:2      | Reached XP level 4. HP: 30/30 MP: 1/8
  1687 | D:2      | Learned a level 3 spell: Confusing Touch
  2381 | D:3      | Noticed Ijyb
  2403 | D:3      | Killed Ijyb
  2497 | D:3      | Learned a level 2 spell: Sublimation of Blood
  2529 | D:3      | Reached XP level 5. HP: 35/35 MP: 9/9
  2573 | D:3      | Found a sacrificial altar of Ru.
  3196 | D:4      | Reached skill level 6 in Hexes
  3303 | D:4      | Found a sand-covered staircase.
  3308 | Ossuary  | Entered an ossuary
  3634 | Ossuary  | Reached XP level 6. HP: 36/41 MP: 7/11
  3819 | D:4      | Noticed Purgy
  3840 | D:4      | Killed Purgy
  3841 | D:4      | Reached skill level 7 in Hexes
  3991 | D:4      | Found a staircase to the Ecumenical Temple.
  4001 | Temple   | Entered the Ecumenical Temple
  4123 | Temple   | Became a worshipper of Dithmenos the Shadowed
  4191 | D:4      | Found a bloodstained altar of Trog.
  4191 | D:4      | Noticed an orc warrior
  4197 | D:4      | Killed an orc warrior
  4198 | D:4      | Reached XP level 7. HP: 46/46 MP: 8/13
  4201 | D:4      | Found a shimmering blue altar of Sif Muna.
  4207 | D:4      | Got Sif Muna's Catalogue of Toxins
  4354 | D:4      | Identified the +1 ring mail of Uskayaw's Fury {rF+}
  4492 | D:5      | Entered Level 5 of the Dungeon
  4538 | D:5      | Noticed Blork the orc
  4546 | D:5      | Killed Blork the orc
  4639 | D:5      | Reached skill level 8 in Hexes
  4677 | D:5      | Reached skill level 5 in Spellcasting
  4786 | D:5      | Found a hide-covered altar of Uskayaw.
  5084 | D:5      | Reached XP level 8. HP: 53/53 MP: 12/15
  5380 | D:5      | Reached skill level 1 in Fighting
  5380 | D:5      | Reached skill level 9 in Hexes
  5602 | D:5      | Reached * piety under Dithmenos
  5603 | D:5      | Reached skill level 1 in Necromancy
  5715 | D:6      | Found a burning altar of Makhleb.
  5915 | D:6      | Learned a level 3 spell: Dazzling Flash
  6128 | D:6      | Got the Tome of Supportive Dislocation
  6283 | D:6      | Reached skill level 10 in Hexes
  6283 | D:6      | Reached XP level 9. HP: 49/61 MP: 11/18
  6358 | D:6      | Found the +8 demon trident "Rift" {distort, reach+}
  6515 | D:6      | Reached skill level 5 in Short Blades
  7126 | D:7      | Found a shimmering altar of Xom.
  7736 | D:8      | Noticed Grum
  7757 | D:8      | Killed Grum
  7758 | D:8      | Reached skill level 1 in Polearms
  7764 | D:8      | Reached ** piety under Dithmenos
  7806 | D:8      | Found a runed translucent gate.
  7806 | D:8      | Found a runed translucent gate.
  7806 | D:8      | Found a runed translucent gate.
  7807 | D:8      | Noticed diceflayer's ghost (novice MiFi)
  7818 | D:8      | Noticed a boulder beetle
  8013 | D:8      | Noticed Harold
  8027 | D:8      | Mangled by Harold

Illustrated notes

Levels and vault maps discovered:
D:1:      dpeg_arrival_connections, layout_basic,
          shapermc_ecumenical_altar_hornbeckon, roderic_roman_lattice,
          minmay_crystal_water
D:2:      layout_basic, st_stairs_4
D:3:      layout_loops_ring, mainiacjoe_overflow_concentric_impassable,
          serial_park_tiny_1, minmay_close_crescents, uniq_ijyb
D:4:      layout_rooms, nzn_overflow_gifts_of_might_and_magic, temple_green,
          enter_ossuary_2, uniq_purgy
D:5:      layout_gridville, mainiacjoe_overflow_24_doors, uniq_blork_the_orc
D:6:      layout_loops_ring, mainiacjoe_overflow_large_starburst
D:7:      layout_gridville, lemuel_tele_altar
D:8:      layout_basic, minmay_lair_entry_grove, ebering_ghost_rock_garden,
          feat_on_display, uniq_harold, uniq_grum
Temple:   dshaligram_water_room_temple

Skill      XL: |  1  2  3  4  5  6  7  8  9 |
---------------+----------------------------+-----
Stealth        | 5 6 7 8 |  8.9
Hexes          | 5 6 7 8 10 | 10.7
Short Blades   | 2 3 4 5 |  5.1
Spellcasting   | 3 4 5 6 |  6.7
Fighting       | 2 |  2.7
Necromancy     | 3 4 |  4.4
Polearms       | 1 |  1.7
Dodging        | |  2.1

Action                   |  1- 3 |  4- 6 |  7- 9 || total
-------------------------+-------+-------+-------++-------
Melee: Dagger            |   158 |   138 |   226 ||   522
       Bite              |    10 |    14 |    19 ||    43
Throw: Stone             |       |     2 |     1 ||     3
       Dart              |       |       |    10 ||    10
 Cast: Corona            |     8 |     2 |     1 ||    11
       Ensorcelled Hiber |    15 |    30 |    62 ||   107
       Confusing Touch   |       |    11 |    16 ||    27
Evoke: Wand              |       |    22 |     4 ||    26
  Use: Scroll            |     1 |     5 |     6 ||    12
       Potion            |     1 |       |     1 ||     2
 Stab: Sleeping          |    20 |    28 |    49 ||    97
       Distracted        |     1 |     1 |     1 ||     3
       Invisible         |     1 |       |       ||     1
       Confused          |       |     7 |    15 ||    22
       Paralysed         |       |       |     2 ||     2
Armor: Robe              |    33 |    31 |    33 ||    97
Dodge: Dodged            |    95 |    56 |   169 ||   320
